AoeStats
← CamiloCor

Arabia

509146073Analyzed
3v3 RM · 8d ago on Sep 25, 2026· 17m 12s· 6 players
Game mode
Random Map
Map size
Normal (6 player)
Population
200
Speed
Normal
Resources
Standard
Victory
Conquest
Starting age
Dark Age
Ending age
Imperial Age
RankedLock teamsTeams togetherTeam positionsShared explorationLock speedFull tech treeHidden civsTurbo modeCheats
Victory
Defeat
🇵🇪 Mongols · Peru
1128
+14
🇨🇴 Magyars · Colombia
1048
+18
🇨🇴 Persians · Colombia
964
+21
🇺🇸 Mongols · United States
1097
-18
🇨🇦 Persians · Canada
1091
-18
🇬🇧 Danes · United Kingdom
1060
-17
NickGolfs
4:01 Loom
twistoffate
Wololo
CamiloCor
7:35 Loom
11:10 Feudal Age
11:49 Double-Bit Axe
13:55 Man-at-Arms
15:04 Scale Mail Armor
lachanda420
2:51 Loom
10:43 Feudal Age
13:17 Bloodlines
EminenceShadow
7:37 Loom
9:23 Feudal Age
10:13 Double-Bit Axe
16:00 Castle Age
14:34 Gold Mining
14:35 Horse Collar
15:51 Scale Barding Armor
16:14 Forging
Connection lost

Rejoining the realm…

Still unreachable

The connection could not be restored.

Session expired

The server has moved on; the page needs a fresh start.